 Dungeon Crawl Stone Soup version 0.16.1-11-g651b585 (webtiles) character file.

107 Radiman the Digger (level 4, 0/24 HPs)
             Began as a Gargoyle Earth Elementalist on Apr 3, 2015.
             Slain by an orc wizard
             ... wielding a +0 dagger
              (3 damage)
             ... on level 2 of the Dungeon.
             The game lasted 00:10:10 (2863 turns).

Radiman the Digger (Gargoyle Earth Elementalist)    Turns: 2863, Time: 00:10:10

Health: 0/24       AC:  5    Str: 11    XL:     4   Next: 85%
Magic:  0/9        EV: 12    Int: 16    God:
Gold:   104        SH:  0    Dex: 11    Spells: 1 memorised, 8 levels left

rFire  . . .     SeeInvis .     b - 45 stones
rCold  . . .     Clarity  .     c - +0 robe
rNeg   + . .     SustAb   .     (no shield)
rPois  ∞         Gourm    .     (no helmet)
rElec  +         Spirit   .     (no cloak)
rCorr  .         Warding  .     (no gloves)
rMut   .         Stasis   .     (no boots)
MR     .....                    (no amulet)
Stlth  ++........               (no ring)
                                (no ring)

@: not resistant to hostile enchantments, unstealthy
A: negative energy resistance 1, electricity resistance, unbreathing,
petrification resistance, rot immunity, AC +3
a: no special abilities


You were on level 2 of the Dungeon.
You were hungry.

You visited 1 branch of the dungeon, and saw 2 of its levels.

You collected 104 gold pieces.

Inventory:

Missiles
 b - 45 stones (in hand)
Armour
 c - a +0 robe (worn)
Scrolls
 k - a scroll of identify
 m - a scroll of remove curse
Potions
 g - 2 potions of heal wounds {unknown}
 h - a potion of cure mutation
 i - a potion of lignification {unknown}
 j - a potion of haste {unknown}
Books
 d - a book of Geomancy

   Spells                             Type                      Level
   a - Sandblast                      Earth                        1
   b - Stoneskin                      Transmutation/Earth          2
   c - Passwall                       Transmutation/Earth          3
   d - Stone Arrow                    Conjuration/Earth            3
   e - Petrify                        Transmutation/Earth          4
   f - Lee's Rapid Deconstruction     Earth                        5
Miscellaneous
 e - a plain deck of destruction {drawn: 2}
Comestibles
 a - 3 bread rations
 f - a meat ration


   Skills:
 - Level 1.5 Dodging
 - Level 2.1 Stealth
 + Level 3.4 Spellcasting
   Level 0.7 Transmutations
 * Level 5.2 Earth Magic


You had 8 spell levels left.
You knew the following spells:

 Your Spells              Type           Power        Failure   Level  Hunger
a - Sandblast             Erth           ###...       1%          1    None


Dungeon Overview and Level Annotations

Branches:
Dungeon (2/15)

Altars:
Nemelex Xobeh


Innate Abilities, Weirdness & Mutations

You are resistant to torment.
You are immune to poison.
Your stone body is very resilient (AC +3).
You resist negative energy.
You are resistant to electric shocks.
You can survive without breathing.
You are immune to petrification.
You are immune to rotting.


Message History

The rocky blast hits the orc wizard.
The orc wizard is severely wounded.
The orc wizard hits you with a dagger.
* * * LOW HITPOINT WARNING * * *
Casting: Sandblast
Confirm with . or Enter, or press ? or * to list all spells.
Aiming: Sandblast
Press: ? - help, Shift-Dir - straight line, f/p - orc wizard
Aim: an orc wizard, wielding a dagger and wearing a robe (severely wounded)
The rocky blast misses the orc wizard.
The orc wizard barely misses you.
Casting: Sandblast
Confirm with . or Enter, or press ? or * to list all spells.
You don't know that spell.
Really attack while wielding your 45 stones? [Y]es or [N]o only, please.
Really attack while wielding your 45 stones?
You clumsily bash the orc wizard but do no damage.
The orc wizard is severely wounded.
The orc wizard hits you with a dagger.
You die...

.....# #.........#.........###.
###### ####......#.........# #÷
...# #############.#.........# ##
...# ............#.#.........# #
...#.#########...#'#'######### #
...#.#.......#.....(...##########
...#.#.#..##.#.((.)....#.........
...#.#.........).[.....#.........
...#.#######.#.#@).....#.........
##.#.........#..o(.....#.......g.
#.##...........[......#......(..
#..'..................####..(...
####...........#......# #...g..
#...........#......# #......
#...........##'#'### #......
#...........##.#.# #.....g
#...........##.#.# #......


You could see an orc wizard.

Vanquished Creatures
  An orc wizard (D:2)
  Robin (D:2)
  2 worms (D:2)
  A giant gecko (D:2)
  An orc (D:2)
  4 bats
  3 giant cockroaches
  8 goblins
  8 hobgoblins
  6 jackals (D:2)
  2 quokkas (D:2)
  A ball python (D:1)
  A giant newt (D:1)
  7 kobolds
  5 rats
51 creatures vanquished.

Notes
Turn   | Place    | Note
--------------------------------------------------------------
     0 | D:1      | Radiman, the Gargoyle Earth Elementalist, began the quest for the Orb.
     0 | D:1      | Reached XP level 1. HP: 10/10 MP: 3/3
   276 | D:1      | Reached XP level 2. HP: 15/15 MP: 1/5
   460 | D:1      | Reached skill level 4 in Earth Magic
  1155 | D:1      | Found a sparkling altar of Nemelex Xobeh.
  1440 | D:2      | Reached XP level 3. HP: 16/19 MP: 2/6
  2298 | D:2      | Noticed Robin
  2539 | D:2      | Reached XP level 4. HP: 24/24 MP: 6/9
  2544 | D:2      | Killed Robin
  2858 | D:2      | Reached skill level 5 in Earth Magic
  2863 | D:2      | Slain by an orc wizard

Action                   |  1- 3 |  4- 6 || total
-------------------------+-------+-------++-------
Melee: Unarmed           |    34 |       ||    34
 Cast: Sandblast         |    74 |    30 ||   104
Evoke: Deck              |     2 |       ||     2
  Use: Scroll            |     6 |       ||     6
  Eat: Chunk             |     6 |       ||     6
